 Dungeon Crawl Stone Soup version 0.31-a0-1225-g50297eb6a4 (webtiles) character file.

Game seed: 8346797797120822079

261 inmateoo the Ruffian (level 5, 0/53 HPs)
             Began as a Troll Fighter on Dec 15, 2023.
             Slain by a ball python (1 damage)
             ... in a sewer.
             The game lasted 00:01:59 (1102 turns).

inmateoo the Ruffian (Troll Fighter)                Turns: 1102, Time: 00:02:00

Health: 0/53       AC:  4    Str: 23    XL:     5   Next: 96%
Magic:  4/4        EV:  9    Int:  8    God:
Gold:   84         SH:  8    Dex: 10    Spells: 4/4 levels left

rFire   . .          .
                       - Unarmed
rCold   . . .        b - +0 kite shield
rNeg    . . .        a - +0 robe
rPois   .            (helmet restricted)
rElec   .            (no cloak)
rCorr   .            (gloves unavailable)
SInv    .            (boots unavailable)
Will    +....        (no amulet)
Stlth   +            (no ring)
HPRegen 1.08/turn    (no ring)
MPRegen 0.09/turn

%: no passive effects
@: mighty, brilliant, lethally poisoned (0 -> -1), enlightened, flying
A: large, unfitting armour, claws 3, regeneration 1, shaggy fur 1, tough skin 1,
beak, clever 1
a: no special abilities


You were in a sewer.
You visited 1 branch of the dungeon, and saw 3 of its levels.
You also visited: Sewer.

You collected 84 gold pieces.

Inventory:

Missiles
 j - 6 javelins (quivered)
Armour
 a - a +0 robe (worn)
 b - a +0 kite shield (worn)
Scrolls
 g - a scroll of identify {unknown}
 i - a scroll of fog {unknown}
 l - a scroll of fear {unknown}
 m - a scroll of revelation {unknown}
 p - a scroll of poison {unknown}
Potions
 e - a potion of enlightenment
 h - a potion of cancellation {unknown}
 k - a potion of mutation
 n - a potion of haste {unknown}
 o - a potion of magic {unknown}


   Skills:
 + Level 3.1 Fighting
 + Level 1.4 Throwing
 + Level 1.2 Armour
 + Level 3.1 Dodging
 + Level 3.4 Shields
 * Level 3.9 Unarmed Combat


You had 4 spell levels left.
You didn't know any spells.
Your spell library was empty.

Dungeon Overview and Level Annotations

Branches:
Dungeon (3/15)              Sewer (1/1)

Altars:


Innate Abilities, Weirdness & Mutations

You are too large for most types of armour.
You have claws for hands.
Your natural rate of healing is unusually fast.
You are covered in fur. (AC +1)
You have tough skin. (AC +1)
You have a beak for a mouth.
Your mind is acute. (Int +4, Str/Dex -1)


Message History

The ball python bites you.
* * * LOW HITPOINT WARNING * * *
You block the ball python's attack. The adder closely misses you.
You block the adder's attack. The ball python barely misses you.
You block the frilled lizard's attack.
The ball python bites you but does no damage.
You miss the adder.
The adder is heavily wounded.
You feel sick. The adder bites you.
* * * LOW HITPOINT WARNING * * *
The adder bites you.
* * * LOW HITPOINT WARNING * * *
You block the ball python's attack. The ball python bites you.
* * * LOW HITPOINT WARNING * * *
The frilled lizard closely misses you.
You scratch the adder.
The adder is severely wounded.
You feel sick. The adder bites you.
* * * LOW HITPOINT WARNING * * *
The adder completely misses you. The ball python barely misses you.
You block the ball python's attack. You block the adder's attack.
You block the frilled lizard's attack. The adder bites you but does no damage.
It was a potion of mutation.
You feel extremely strange.
You feel clever.
Your mouth lengthens and hardens into a beak!
You feel sick. The ball python barely misses you. x2
You block the adder's attack. The adder bites you.
* * * LOW HITPOINT WARNING * * *
You are lethally poisoned!
The adder poisons you! The frilled lizard misses you.
Okay, then.
It was a potion of brilliance.
You feel clever all of a sudden.
* * * LOW HITPOINT WARNING * * *
You feel sick. You block the ball python's attack.
The ball python bites you but does no damage.
You block the adder's attack. The adder closely misses you.
The frilled lizard bites you but does no damage.
The ball python bites you.
You die...

#≈~~~≈~#####
#≈~~~≈
#≈≈≈~≈≈#
#≈~≈~~
#≈~≈~~≈#
#~~~~~
#≈≈~~≈≈#
#~†~≈≈
#≈~~≈≈≈#
#††≈~≈
#≈#~≈≈≈#
#≈.~.~
#≈~≈~≈≈#
#≈†.†~
#≈.S≈≈≈#
#≈~.~~
#S@S≈≈≈#
#≈≈~≈~
#Sl#~≈≈#
#≈≈≈≈~
#~#~~~≈#
#≈~~~~
#≈~~~≈≈#
#≈~~~~
#≈~~~~≈#
#≈~≈~≈
#~≈~~≈~#
#≈~≈≈≈
#~≈~≈~~#
#~~≈~~
##.....#
##.~~.
......#
#.....


You could see 2 adders, 2 ball pythons and a frilled lizard.

Vanquished Creatures
  2 bullfrogs (Sewer)
  4 adders
  6 river rats (Sewer)
  2 worms (D:3)
  9 ball pythons
  2 endoplasms (D:1)
  A goblin (D:1)
  7 jackals (D:1)
  A quokka (D:1)
  A kobold (D:1)
  23 rats
58 creatures vanquished.

Notes
Turn   | Place    | Note
-------+----------+-------------------------------------------
     0 | D:1      | inmateoo the Troll Fighter began the quest for the Orb.
     0 | D:1      | Reached XP level 1. HP: 22/22 MP: 0/0
   291 | D:1      | Reached XP level 2. HP: 29/29 MP: 1/1
   751 | D:2      | Reached XP level 3. HP: 30/36 MP: 2/2
   759 | D:2      | You fall into a shaft and drop 1 floor!
   806 | D:3      | Found a glowing drain.
   826 | Sewer    | Entered a sewer
   905 | Sewer    | Reached XP level 4. HP: 26/44 MP: 3/3
  1079 | Sewer    | Noticed a bullfrog
  1079 | Sewer    | Noticed a bullfrog
  1092 | Sewer    | Killed a bullfrog
  1093 | Sewer    | Reached skill level 1 in Throwing
  1093 | Sewer    | Reached skill level 1 in Armour
  1093 | Sewer    | Reached XP level 5. HP: 12/53 MP: 4/4
  1101 | Sewer    | Gained mutation: Your mind is acute. (Int +4, Str/Dex -1)
                  | [potion of mutation]
  1101 | Sewer    | Gained mutation: You have a beak for a mouth. [potion of
                  | mutation]
  1101 | Sewer    | HP: 2/53 [adder (1)]
  1102 | Sewer    | Slain by a ball python

Illustrated notes

Levels and vault maps discovered:
D:1:      dpeg_arrival_round_a, layout_basic, hangedman_decor_riveting,
          chequers_serial_rivers_micro_d
D:2:      layout_rooms, uniq_jessica
D:3:      layout_loops_corners, mainiacjoe_overflow_alcove_2,
          nicolae_overflow_hidden_temple, cheibrodos_sewer_entry_bend,
          minmay_misc_feat_plants, minivault_26
Sewer:    sewer_minmay_w

Skill      XL: |  1  2  3  4 |
---------------+-------------+-----
Shields        | 3 |  3.4
Unarmed Combat | 3 |  3.9
Fighting       | 3 |  3.1
Throwing       | 1 |  1.4
Armour         | 1 |  1.2
Dodging        | 3 |  3.1

Action                     |  1- 3 |  4- 6 || total
---------------------------+-------+-------++-------
  Melee: Unarmed           |    68 |    74 ||   142
    Use: Potion            |       |     5 ||     5
 Armour: Robe              |    43 |   120 ||   163
  Dodge: Dodged            |    19 |    99 ||   118
  Block: Kite shield       |    39 |    93 ||   132

Table legend: (Time is in decaauts)
 A = Elapsed time spent in this place.
 B = Non-inter-level travel time spent in this place.
 C = Inter-level travel time spent in this place.
 D = Time resting spent in this place.
 E = Time spent auto-exploring this place.
 F = Levels seen in this place.
 G = Mean time per level.
                   A        B        C        D        E       F      G
               +--------+--------+--------+--------+--------+-----+--------+
         Total |   1110 |   1076 |     34 |      0 |    726 |   4 |  277.5 |
       Dungeon |    829 |    795 |     34 |      0 |    651 |   3 |  276.3 |
         Sewer |    281 |    281 |      0 |      0 |     75 |   1 |  281.0 |
               +--------+--------+--------+--------+--------+-----+--------+

Top non-repeatable levels by time:
     D:1: 738 daAuts
   Sewer: 281 daAuts
     D:3: 67 daAuts
     D:2: 23 daAuts
